 Dungeon Crawl Stone Soup version 0.22.1-2-g9c5b331383 (webtiles) character file.

149 mazyrok777 the Slasher (level 5, 0/41 HPs)
             Began as a Human Fighter on Dec 18, 2018.
             Slain by a gnoll
             ... wielding a +0 spear
              (4 damage)
             ... on level 3 of the Dungeon.
             The game lasted 00:47:09 (1934 turns).

mazyrok777 the Slasher (Human Fighter)              Turns: 1934, Time: 00:47:09

Health: 0/41       AC:  9    Str: 18    XL:     5   Next: 56%
Magic:  5/5        EV:  5    Int:  8    God:
Gold:   95         SH:  9    Dex: 12    Spells: 4/4 levels left

rFire    . . .     SeeInvis .   a - +0 long sword
rCold    . . .     Gourm    .   c - +0 shield
rNeg     . . .     Faith    .   g - +0 chain mail
rPois    .         Spirit   .   (no helmet)
rElec    .         Reflect  .   (no cloak)
rCorr    .         Harm     .   (no gloves)
MR       .....                  (no boots)
Stlth    ..........             (no amulet)
HPRegen  0.13/turn              (no ring)
MPRegen  0.09/turn              (no ring)

@: no status effects
A: no striking features
a: no special abilities


You were on level 3 of the Dungeon.
You were not hungry.

You visited 1 branch of the dungeon, and saw 3 of its levels.

You collected 95 gold pieces.

Inventory:

Hand Weapons
 a - a +0 long sword (weapon)
Armour
 b - a +0 scale mail
 c - a +0 shield (worn)
 g - a +0 chain mail (worn)
Jewellery
 r - a +4 ring of protection {unknown}
Wands
 p - a wand of random effects (18)
Scrolls
 h - a scroll of fog {unknown}
 i - a scroll of immolation {unknown}
 j - 2 scrolls of teleportation {unknown}
 k - 2 scrolls of identify {unknown}
 l - a scroll of amnesia
 n - 2 scrolls of remove curse {unknown}
 q - a scroll of enchant weapon {unknown}
Potions
 d - a potion of might
 e - a potion of resistance {unknown}
 m - a potion of flight
Comestibles
 f - 3 rations
 o - 2 chunks of flesh


   Skills:
 + Level 3.5 Fighting
 + Level 3.7 Long Blades
 + Level 3.6 Armour
 + Level 0.3 Dodging
 + Level 0.1 Stealth
 + Level 3.6 Shields


You had 4 spell levels left.
You didn't know any spells.
Your spell library was empty.

Dungeon Overview and Level Annotations

Branches:
Dungeon (3/15)

Altars:


Message History

The gnoll is heavily wounded.
The gnoll hits you but does no damage. You block the gnoll's attack.
You block the dart slug's attack.
The gnoll zaps a wand.
You block the puff of flame.
The now-empty wand crumbles to dust.
You hit the gnoll.
The gnoll is severely wounded.
You block the gnoll's attack. The dart slug bites you.
* * * LOW HITPOINT WARNING * * *
The gnoll hits you but does no damage. x2
Your shield and chain mail prevent you from hitting the gnoll.
The gnoll is severely wounded.
The gnoll hits you but does no damage.
The dart slug bites you but does no damage.
You block the gnoll's attack.
You hit the gnoll but do no damage.
The gnoll is severely wounded.
The gnoll hits you but does no damage. The dart slug barely misses you.
You block the gnoll's attack.
The gnoll hits you from afar with a spear.
You die...

########.................
##.....#................##
##........................#
#.......................#
#.......................#
#..[.......รท.).....#....#
#.............gr######..w.#
#.............w.## ....
##.<.........@gS.####.#..g.
##.....#.....##........ ..
###################.#. (


You could see 2 gnolls, an adder, a dart slug and a rat.

Vanquished Creatures
  Ijyb (D:3)
  2 gnolls (D:3)
  5 adders
  3 worms (D:2)
  A dart slug (D:2)
  A leopard gecko (D:2)
  6 bats
  2 giant cockroaches (D:2)
  5 hobgoblins
  2 jackals (D:2)
  A quokka (D:2)
  4 frilled lizards
  5 goblins
  6 kobolds
  4 rats
48 creatures vanquished.

Notes
Turn   | Place    | Note
-------+----------+-------------------------------------------
     0 | D:1      | mazyrok777 the Human Fighter began the quest for the Orb.
     0 | D:1      | Reached XP level 1. HP: 18/18 MP: 1/1
   311 | D:1      | Reached XP level 2. HP: 24/24 MP: 2/2
   757 | D:2      | Reached XP level 3. HP: 28/29 MP: 3/3
   957 | D:2      | Reached XP level 4. HP: 30/35 MP: 4/4
  1845 | D:3      | Noticed Ijyb
  1868 | D:3      | Killed Ijyb
  1868 | D:3      | Reached XP level 5. HP: 40/41 MP: 5/5
  1934 | D:3      | Slain by a gnoll

Skill      XL: |  1  2  3  4 |
---------------+-------------+-----
Long Blades    | 3 |  3.7
Fighting       | |  3.5
Armour         | |  3.6
Dodging        | |  0.3
Stealth        | |  0.1
Shields        | |  3.6

Action                   |  1- 3 |  4- 6 || total
-------------------------+-------+-------++-------
Melee: Long sword        |   101 |    93 ||   194
Evoke: Wand              |       |     3 ||     3
  Use: Scroll            |     1 |       ||     1
       Potion            |       |     3 ||     3
  Eat: Ration            |       |     1 ||     1
Armor: Chain mail        |    49 |    55 ||   104
Dodge: Dodged            |    11 |    18 ||    29
Block: Shield            |    45 |    51 ||    96
       Rpst.: Long sword |     2 |     3 ||     5
